 Dungeon Crawl Stone Soup version 0.25.1-2-g60ff931df9 (webtiles) character file.

Game seed: 12887724433842208645

8148 DogServant the Spear-Bearer (level 11, -12/85 (86) HPs)
             Began as a Merfolk Gladiator on Nov 8, 2020.
             Was a High Priest of Okawaru.
             Mangled by an ice beast (14 damage)
             ... summoned by Fannar
             ... on level 10 of the Dungeon.
             The game lasted 00:28:15 (14092 turns).

DogServant the Spear-Bearer (Merfolk Gladiator)    Turns: 14092, Time: 00:28:16

HP:   -12/85 (86)   AC: 12    Str: 16    XL:     11   Next: 26%
MP:   10/16         EV: 17    Int:  8    God:    Okawaru [*****.]
Gold: 591           SH:  0    Dex: 23    Spells: 8/10 levels left

rFire    . . .     SeeInvis +   a - +3 trident
rCold    . . .     Gourm    .   (no shield)
rNeg     . . .     Faith    .   h - +0 chain mail
rPois    .         Spirit   .   s - +1 hat
rElec    .         Reflect  .   (no cloak)
rCorr    .         Harm     .   (no gloves)
MR       .....                  (no boots)
Stlth    ..........             t - amulet of magic regeneration
HPRegen  0.24/turn              e - ring of see invisible
MPRegen  0.40/turn              i - +6 ring of dexterity

@: heroism, finesse
A: change form in water, swift swim, stealthy swim
a: Heroism, Finesse, Renounce Religion


You were on level 10 of the Dungeon.
You worshipped Okawaru.
Okawaru was extremely pleased with you.
You were very hungry.

You visited 2 branches of the dungeon, and saw 11 of its levels.
You visited the Abyss 1 time.

You collected 591 gold pieces.

Inventory:

Hand Weapons
 a - a +3 trident (weapon)
 c - a +2 falchion of venom
 l - a +0 glaive
Missiles
 d - 2 javelins
 o - 2 atropa-tipped darts
 v - 19 poisoned darts
 C - a silver javelin (quivered)
Armour
 h - a +0 chain mail (worn)
 r - a +0 ring mail
 s - a +1 hat (worn)
Jewellery
 e - a ring of see invisible (left hand)
 i - a +6 ring of dexterity (right hand)
 t - an amulet of magic regeneration (around neck)
Wands
 b - a wand of disintegration (11)
 k - a wand of random effects (18)
 n - a wand of polymorph (7)
 z - a wand of enslavement (6)
 A - a wand of flame (10)
Scrolls
 j - a scroll of remove curse
 m - a scroll of blinking {unknown}
 q - 4 scrolls of amnesia
 w - a scroll of magic mapping
 x - a scroll of fear
 D - a scroll of random uselessness {unknown}
 E - a scroll of enchant armour {unknown}
 G - a scroll of identify
Potions
 g - a potion of magic
 p - 5 potions of curing
 u - a potion of cancellation
 B - a potion of flight {unknown}
Comestibles
 f - 16 rations


   Skills:
 + Level 8.1(13.1) Fighting
 - Level 14.0(19.0) Polearms
 - Level 2.0(7.0) Throwing
 - Level 5.1(10.1) Armour
 - Level 10.0(15.0) Dodging
 - Level 7.5 Invocations
 + Level 1.2 Evocations


You had 8 spell levels left.
You knew the following spells:

 Your Spells              Type           Power        Failure   Level  Hunger
a - Sticks to Snakes      Tmut           #.......     100%        2    ###....

Your spell library contained the following spells:

 Spells                   Type           Power        Failure   Level  Hunger
 Animate Skeleton         Necr           N/A          99%         1    ##.....
 Beastly Appendage        Tmut           #.....       99%         1    ##.....
 Pain                     Necr           #...         99%         1    ##.....
 Spider Form              Tmut/Pois      #.........   100%        3    ####...
 Vampiric Draining        Necr           #.........   100%        3    ####...
 Animate Dead             Necr           N/A          100%        4    #####..
 Ice Form                 Ice/Tmut       #.......     100%        4    #####..
 Agony                    Necr           #.......     100%        5    ######.
 Blade Hands              Tmut           #.........   100%        5    ######.


Dungeon Overview and Level Annotations

Branches:
Dungeon (10/15)            Temple (1/1) D:5            Lair (0/6) D:10
    Orc: D:9-12

Altars:
Ashenzari
Cheibriados
Dithmenos
Elyvilon
Fedhas
Gozag
Hepliaklqana
Kikubaaqudgha
Makhleb
Nemelex Xobeh
Okawaru
Qazlal
Ru
Sif Muna
Trog
Uskayaw
Vehumet
Wu Jian
Xom
Yredelemnul
Zin
The Shining One

Shops:
D:8 (

Annotations:
D:8 2 exclusions
D:9 4 runed translucent doors
D:10 Fannar


Message History

* * * LOW HITPOINT WARNING * * *
You miss Fannar. You punch Fannar, but do no damage.
Fannar is lightly wounded.
You hit Fannar but do no damage.
Fannar is lightly wounded.
The ice beast barely misses you. x2
You puncture Fannar!
Fannar is moderately wounded.
The ice beast closely misses you.
Unknown command.
You hit Fannar but do no damage.
Fannar is moderately wounded.
Fannar hits you but does no damage. Fannar freezes you.
* * * LOW HITPOINT WARNING * * *
You impale Fannar!! Your punch misses Fannar.
Fannar is heavily wounded.
The ice beast closely misses you. The ice beast hits you.
* * * LOW HITPOINT WARNING * * *
The ice beast freezes you!
You die...

#. ######### #.
........# #.' ######
........####$' #.(..#
........#.'#$$. #....#
........'.####'###....#
........###....eYY....#
........# #....Y@.....#
........# #########'###
........# ##.#
######### ##..# ####
##..## ...### #..##
##...# #.## ####'###
#.# .......# #.#


You could see Fannar (icy armour) and 3 ice beasts.

Vanquished Creatures
  Harold (D:7)
  Erica (D:8)
  A centaur warrior (D:10)
  Pikel (D:4)
  A centaur zombie (D:10)
  Grinder (D:5)
  Prince Ribbit (D:8)
  4 hippogriffs (D:10)
  A small abomination (D:6)
  A spriggan (D:7)
  Edmund (D:6)
  A black bear (D:7)
  A phantom (D:9)
  An orc warrior (D:9)
  2 ice beasts
  5 sky beasts
  2 necrophages
  A centaur (D:8)
  A big kobold (D:9)
  4 ogres
  2 bullfrogs
  A gnoll sergeant (D:8)
  6 scorpions
  5 killer bees
  3 wights (D:8)
  6 jellies
  3 crimson imps
  A bullfrog zombie (D:9)
  A quasit (D:6)
  2 bullfrog skeletons
  6 hounds
  A centaur skeleton (D:6)
  2 orc priests
  10 orc wizards
  Crazy Yiuf (D:6)
  Jessica (D:3)
  3 iguanas
  Natasha (thrice) (D:3)
  5 worker ants
  A hound skeleton (D:7)
  A howler monkey zombie (D:5)
  A worker ant zombie (D:10)
  5 gnolls (D:8)
  8 adders
  A howler monkey skeleton (D:10)
  2 oozes
  7 worms
  An adder skeleton (D:4)
  4 dart slugs
  10 leopard geckos
  32 orcs
  6 bats
  11 giant cockroaches
  7 goblins
  9 hobgoblins
  4 jackals (D:2)
  2 quokkas
  A ball python (D:1)
  5 frilled lizards
  5 kobolds
  A quokka skeleton (D:6)
  8 rats
226 creatures vanquished.

Notes
Turn   | Place    | Note
-------+----------+-------------------------------------------
     0 | D:1      | DogServant the Merfolk Gladiator began the quest for the
                  | Orb.
     0 | D:1      | Reached XP level 1. HP: 16/16 MP: 1/1
    92 | D:1      | Reached XP level 2. HP: 22/22 MP: 2/2
   211 | D:1      | Reached skill level 5 in Polearms
   487 | D:1      | Reached XP level 3. HP: 27/27 MP: 3/3
   640 | D:2      | Reached skill level 5 in Dodging
  1361 | D:2      | Reached XP level 4. HP: 33/33 MP: 4/4
  1506 | D:2      | Reached skill level 6 in Polearms
  1723 | D:3      | Noticed Jessica
  1740 | D:3      | Killed Jessica
  1780 | D:3      | Noticed Natasha
  1788 | D:3      | Killed Natasha
  1788 | D:3      | Reached XP level 5. HP: 10/38 MP: 5/5
  2347 | D:3      | Reached skill level 7 in Polearms
  2361 | D:3      | Reached XP level 6. HP: 33/47 MP: 6/6
  2585 | D:3      | Noticed Natasha
  2598 | D:3      | Killed Natasha
  2865 | D:3      | Noticed Natasha
  2881 | D:3      | Killed Natasha
  3124 | D:4      | Found a blossoming altar of Fedhas.
  3143 | D:4      | Reached skill level 8 in Polearms
  3543 | D:4      | Reached XP level 7. HP: 23/55 MP: 7/7
  3753 | D:4      | Noticed Pikel
  3785 | D:4      | HP: 2/55 [slave[Pikel] (4)]
  4307 | D:4      | Reached skill level 5 in Fighting
  4307 | D:4      | Reached skill level 9 in Polearms
  4469 | D:5      | Entered Level 5 of the Dungeon
  4672 | D:5      | Found a staircase to the Ecumenical Temple.
  4757 | Temple   | Entered the Ecumenical Temple
  5230 | D:5      | Reached skill level 1 in Armour
  5757 | D:4      | Killed Pikel
  5757 | D:4      | Reached skill level 10 in Polearms
  5757 | D:4      | Reached XP level 8. HP: 20/62 MP: 8/8
  6537 | D:5      | Reached skill level 11 in Polearms
  6622 | D:5      | Found an iron altar of Okawaru.
  6634 | D:5      | Became a worshipper of Warmaster Okawaru
  7036 | D:6      | Found a runed translucent door.
  7037 | D:6      | Noticed Crazy Yiuf
  7202 | D:6      | Noticed Edmund
  7214 | D:6      | Killed Edmund
  7214 | D:6      | Reached * piety under Okawaru
  7214 | D:6      | Reached skill level 12 in Polearms
  7214 | D:6      | Reached XP level 9. HP: 36/68 MP: 9/9
  7242 | D:6      | Noticed Grinder
  7276 | D:5      | Killed Grinder
  7681 | D:6      | Found a sparkling altar of Nemelex Xobeh.
  7782 | D:6      | Found a shimmering blue altar of Sif Muna.
  7851 | D:6      | Cast into level 1 of the Abyss (Crazy Yiuf)
  7879 | Abyss:1  | Got a pair of polished boots
  7910 | D:6      | Escaped the Abyss
  7930 | D:6      | Killed Crazy Yiuf
  8353 | D:7      | Reached skill level 5 in Armour
  8744 | D:6      | Identified the -3 pair of boots of Misanthropy {Regen+}
                  | (You found it on level 1 of the Abyss)
  8779 | D:6      | Reached skill level 13 in Polearms
  9041 | D:7      | Reached skill level 1 in Invocations
  9089 | D:7      | Noticed Harold
  9112 | D:7      | Killed Harold
  9112 | D:7      | Reached ** piety under Okawaru
  9112 | D:7      | Reached XP level 10. HP: 56/76 MP: 9/12
  9257 | D:7      | Got a faintly glowing hand axe
 10248 | D:8      | Noticed Prince Ribbit
 10265 | D:8      | Killed Prince Ribbit
 10632 | D:8      | Found Suott's Antique Weapon Emporium.
 10671 | D:8      | Identified the +2 hand axe of Truncation {speed, rPois}
                  | (You found it on level 7 of the Dungeon)
 10874 | D:8      | Noticed Erica
 11236 | D:8      | Reached *** piety under Okawaru
 11241 | D:8      | Found a shadowy altar of Dithmenos.
 11307 | D:8      | Killed Erica
 11307 | D:8      | Reached skill level 5 in Invocations
 11589 | D:8      | Noticed a lindwurm
 11589 | D:8      | Noticed a lindwurm
 11590 | D:8      | Noticed a lindwurm
 11787 | D:8      | Noticed a lindwurm
 11964 | D:9      | Found a shattered altar of Ashenzari.
 11966 | D:9      | Found a hide-covered altar of Uskayaw.
 12185 | D:9      | Found a huge runed translucent gate.
 12186 | D:9      | Found a huge runed translucent gate.
 12187 | D:9      | Found a huge runed translucent gate.
 12187 | D:9      | Noticed a manticore
 12188 | D:9      | Found a huge runed translucent gate.
 12188 | D:9      | Noticed a death yak
 12334 | D:9      | Reached **** piety under Okawaru
 12671 | D:10     | Entered Level 10 of the Dungeon
 12691 | D:10     | Noticed a centaur warrior
 12717 | D:10     | Killed a centaur warrior
 12717 | D:10     | Received a gift from Okawaru
 12717 | D:10     | Reached skill level 10 in Dodging
 12717 | D:10     | Reached XP level 11. HP: 15/86 MP: 14/16
 13041 | D:10     | Learned a level 2 spell: Sticks to Snakes
 13128 | D:10     | Found a staircase to the Lair.
 13338 | D:10     | Reached ***** piety under Okawaru
 13466 | D:10     | Reached skill level 14 in Polearms
 13656 | D:10     | Noticed Fannar
 14047 | D:10     | Reached skill level 1 in Evocations
 14091 | D:10     | HP: 4/85 [Fannar/uncursed staff of cold (3)]
 14092 | D:10     | Mangled by an ice beast

Illustrated notes

Levels and vault maps discovered:
D:1:      saegor_arrival_simple_c, layout_rooms, kennysheep_decorative_pillar
D:2:      layout_basic
D:3:      lemuel_upstairs_altar, layout_loops_ring, item_on_display_a,
          uniq_sigmund, uniq_jessica, uniq_natasha
D:4:      layout_loops_cross, dk_noncrumbling_3, fedhas_altar_1, uniq_pikel
D:5:      layout_basic, old_standard_altar, temple_hall, first_ration,
          minmay_manual_mess
D:6:      wander_river, layout_loops_cross, marbit_many_paths, basic_altar,
          uniq_crazy_yiuf_cottage, uniq_grinder, uniq_edmund
D:7:      layout_basic, minivault_24, the_bakery, minmay_misc_feat_ornament,
          uniq_harold
D:8:      layout_gridville, serial_shops, shop, basic_altar,
          minmay_misc_feat_chi, minmay_lindwurm_lava, uniq_erica,
          uniq_prince_ribbit1
D:9:      lemuel_bear_cage, layout_basic, gammafunk_temple_overflow_pools,
          kennysheep_dice
D:10:     layout_roguey, lair_entry_dummy, enter_trove_6, uniq_fannar
Temple:   hc_temple_tempest_star

Skill      XL: |  1  2  3  4  5  6  7  8  9 10 11 |
---------------+----------------------------------+-----
Polearms       | 5 6 7 8 10 12 13 14 | 14.0
Dodging        | 5 6 7 10 | 10.0
Fighting       | 3 4 5 6 8 |  8.1
Armour         | 2 4 5 |  5.1
Invocations    | 3 7 |  7.5
Evocations     | 1 |  1.2
Throwing       | |  2.0

Action                   |  1- 3 |  4- 6 |  7- 9 | 10-12 || total
-------------------------+-------+-------+-------+-------++-------
Melee: Trident           |    97 |   225 |   419 |   428 ||  1169
       Punch             |       |       |     1 |     1 ||     2
Throw: Throwing net      |     1 |       |     4 |     4 ||     9
       Dart              |       |       |     9 |    10 ||    19
       Javelin           |       |       |       |     2 ||     2
Invok: Heroism           |       |       |     3 |     1 ||     4
       Finesse           |       |       |       |     1 ||     1
Evoke: Wand              |       |       |     1 |       ||     1
  Use: Scroll            |       |       |    11 |     3 ||    14
       Potion            |       |       |     9 |       ||     9
 Stab: Held in net/web   |       |       |     2 |     3 ||     5
       Invisible         |       |       |     1 |     1 ||     2
       Sleeping          |       |       |       |     1 ||     1
  Eat: Chunk             |     1 |     8 |    10 |    15 ||    34
       Ration            |       |       |     2 |       ||     2
Armor: Leather armour    |     8 |       |       |       ||     8
       Ring mail         |    12 |    37 |    25 |    35 ||   109
       Chain mail        |       |       |   107 |    46 ||   153
Dodge: Dodged            |    60 |   102 |   202 |   181 ||   545
